 Dungeon Crawl Stone Soup version 0.20-a0-370-gd6af2a4 (webtiles) character file.

33 Da5id the Chiller (level 3, -1/24 HPs)
             Began as a Demonspawn Ice Elementalist on Dec 27, 2016.
             Slain by a hobgoblin (3 damage)
             ... on level 1 of the Dungeon.
             The game lasted 00:01:59 (1778 turns).

Da5id the Chiller (Demonspawn Ice Elementalist)     Turns: 1778, Time: 00:02:00

Health: -1/24      AC:  2    Str:  8    XL:     3   Next: 12%
Magic:  6/6        EV: 12    Int: 17    God:
Gold:   0          SH:  0    Dex: 13    Spells: 6/7 levels left

rFire  . . .     SeeInvis .     g - +0 spear
rCold  + . .     Gourm    .     a - +0 robe
rNeg   . . .     Faith    .     (no shield)
rPois  .         Spirit   .     (no helmet)
rElec  .         Reflect  .     (no cloak)
rCorr  .         Harm     .     (no gloves)
MR     .....                    (no boots)
Stlth  ++........               (no amulet)
                                (no ring)
                                (no ring)

@: no status effects
A: hooves 1, cold resistance 1
a: no special abilities


You were on level 1 of the Dungeon.
You were not hungry.

You visited 1 branch of the dungeon, and saw 1 of its levels.

Inventory:

Hand Weapons
 d - a +0 short sword
 g - a +0 spear (weapon)
Armour
 a - a +0 robe (worn)
Scrolls
 e - a scroll of remove curse {unknown}
 f - a scroll of teleportation {unknown}
 h - a scroll of recharging {unknown}
Potions
 i - a potion of resistance {unknown}
Books
 b - a book of Frost

   Spells                             Type                      Level
   a - Freeze                         Ice                          1
   b - Throw Frost                    Conjuration/Ice              2
   c - Ozocubu's Armour               Charms/Ice                   3
   d - Throw Icicle                   Conjuration/Ice              4
   e - Summon Ice Beast               Ice/Summoning                4
Comestibles
 c - a bread ration
 j - 3 chunks of flesh


   Skills:
 - Level 1.7 Dodging
 - Level 1.7 Stealth
 + Level 2.5 Spellcasting
   Level 1.0 Conjurations
 + Level 3.4 Ice Magic


You had 6 spell levels left.
You knew the following spells:

 Your Spells              Type           Power        Failure   Level  Hunger
a - Freeze                Ice            ##..         4%          1    #......


Dungeon Overview and Level Annotations

Branches:
Dungeon (1/15)

Altars:


Innate Abilities, Weirdness & Mutations

You have large cloven feet.
Your flesh is cold resistant. (rC+)


Message History

* * * LOW HITPOINT WARNING * * *
The bat misses you. The hobgoblin completely misses you.
The bat closely misses you. The hobgoblin misses you.
The bat hits you but does no damage. The bat hits you but does no damage.
The hobgoblin hits you.
* * * LOW HITPOINT WARNING * * *
The bat barely misses you. The hobgoblin closely misses you.
The bat barely misses you. The hobgoblin misses you.
The bat closely misses you. The hobgoblin hits you.
* * * LOW HITPOINT WARNING * * *
The bat closely misses you. The hobgoblin misses you.
The bat closely misses you. The hobgoblin closely misses you.
The bat hits you but does no damage. The hobgoblin completely misses you.
The bat hits you but does no damage. The hobgoblin barely misses you.
The bat barely misses you. The hobgoblin misses you.
The bat closely misses you. The hobgoblin barely misses you.
The bat closely misses you. The hobgoblin barely misses you.
The bat hits you but does no damage. The hobgoblin barely misses you.
The bat closely misses you. The hobgoblin hits you.
You die...

#####.#.#....... .....
#.#.#.#####. #....
..#.#.# #. ##%...####
###.#.# #÷ .........#
#.#.# #. .........#
#.#.#####.
.........#######>#.......
%......g.#.†..........###
.......@...####.#######
.........### #.#
..[...b.... ..#
.........##.###..
.........# # ##.
##.####### ## #. #


You could see a hobgoblin and a bat.

Vanquished Creatures
  2 dart slugs (D:1)
  3 leopard geckos (D:1)
  2 ball pythons (D:1)
  A giant cockroach (D:1)
  3 goblins (D:1)
  2 hobgoblins (D:1)
  4 bats (D:1)
  A frilled lizard (D:1)
  5 kobolds (D:1)
  2 rats (D:1)
25 creatures vanquished.

Notes
Turn   | Place    | Note
-------+----------+-------------------------------------------
     0 | D:1      | Da5id the Demonspawn Ice Elementalist began the quest for the Orb.
     0 | D:1      | Reached XP level 1. HP: 13/13 MP: 3/3
   681 | D:1      | Reached skill level 3 in Ice Magic
   997 | D:1      | Gained mutation: Your flesh is cold resistant. (rC+) [demonic ancestry]
   997 | D:1      | Reached XP level 2. HP: 11/19 MP: 3/5
  1708 | D:1      | Gained mutation: You have large cloven feet. [demonic ancestry]
  1708 | D:1      | Reached XP level 3. HP: 24/24 MP: 6/6
  1769 | D:1      | HP: 1/24 [hobgoblin (4)]
  1778 | D:1      | Slain by a hobgoblin

Vault maps used:
D:1:      dpeg_arrival_tiny_a

Skill      XL: |  1 |
---------------+----+-----
Ice Magic      | 3 |  3.4
Dodging        | |  1.7
Stealth        | |  1.7
Spellcasting   | |  2.5
Conjurations   | |  1.0

Action                   || total
-------------------------++-------
Melee: Short sword       ||    13
       Unarmed           ||     5
       Spear             ||    50
       Kick              ||     1
 Cast: Freeze            ||    15
 Stab: Sleeping          ||     3
  Eat: Chunk             ||     3
Armor: Robe              ||    20
Dodge: Dodged            ||    91
